 Dungeon Crawl Stone Soup version 0.26.1-2-gb8aa6d0cf2 (webtiles) character file.

Game seed: 16926581428074539222

228 Descartes the Magician (level 5, 0/28 HPs)
             Began as a Deep Elf Wanderer on Mar 2, 2021.
             Was an Initiate of Gozag.
             Slain by a wight
             ... wielding a +0 spear
              (1 damage)
             ... on level 6 of the Dungeon.
             The game lasted 00:10:52 (3970 turns).

Descartes the Magician (Deep Elf Wanderer)          Turns: 3970, Time: 00:10:53

Health: 0/28       AC:  5    Str:  9    XL:     5   Next: 70%
Magic:  11/14      EV: 11    Int: 19    God:    Gozag
Gold:   131        SH:  0    Dex: 13    Spells: 10/14 levels left

rFire    . . .     SeeInvis .   x - +1 flail (holy)
rCold    + . .     Faith    .   (no shield)
rNeg     . . .     Spirit   .   g - +0 robe {Will+}
rPois    .         Reflect  .   d - +2 helmet
rElec    .         Harm     .   (no cloak)
rCorr    .         Rampage  .   (no gloves)
Will     +....                  (no boots)
Stlth    ++........             (no amulet)
HPRegen  0.09/turn              f - ring of protection from cold
MPRegen  0.14/turn              (no ring)

@: gold aura
A: no striking features
a: Renounce Religion, Potion Petition, Call Merchant, Bribe Branch


You were on level 6 of the Dungeon.
You worshipped Gozag.
Gozag was aware of your devotion.
You visited 2 branches of the dungeon, and saw 6 of its levels.

You collected 183 gold pieces.
You paid 52 gold pieces to Gozag.

Inventory:

Hand Weapons
 a - a +0 dagger
 x - a +1 flail of holy wrath (weapon)
Missiles
 h - 111 stones (quivered)
 j - 61 arrows
 w - a throwing net
Armour
 d - a +2 helmet (worn)
 e - a cursed +0 kite shield
 g - a +0 robe of willpower (worn)
Jewellery
 f - a ring of protection from cold (left hand)
 u - an uncursed ring of positive energy
Wands
 z - a wand of polymorph (5)
Scrolls
 c - 2 scrolls of magic mapping {unknown}
 i - 5 scrolls of identify {unknown}
 l - a scroll of blinking {unknown}
 n - a scroll of fog {unknown}
 o - a scroll of immolation {unknown}
 q - 3 scrolls of teleportation {unknown}
 s - a scroll of enchant weapon {unknown}
 v - a scroll of remove curse {unknown}
 y - a scroll of amnesia {unknown}
Potions
 b - a potion of mutation {unknown}
 k - a potion of attraction {unknown}
 m - a potion of haste {unknown}
 p - 3 potions of heal wounds {unknown}
 r - 2 potions of curing {unknown}
 t - a potion of cancellation {unknown}


   Skills:
 - Level 1.2 Stealth
 + Level 1.8 Shields
 - Level 5.0 Spellcasting
 + Level 3.7 Transmutations
 + Level 3.1 Earth Magic
 + Level 3.6 Poison Magic
 - Level 1.1 Evocations


You had 10 spell levels left.
You knew the following spells:

 Your Spells              Type           Power        Failure   Level
a - Sting                 Tmut/Pois      72%          2%          1
b - Sandblast             Erth           32%          3%          1
c - Passwall              Tmut/Erth      14%          4%          2

Your spell library contained the following spells:

 Spells                   Type           Power        Failure   Level
 Spider Form              Tmut/Pois      9%           9%          3
 Summon Small Mammal      Summ           16%          12%         1
 Stone Arrow              Conj/Erth      20%          21%         3
 Petrify                  Tmut/Erth      17%          30%         4
 Call Canine Familiar     Summ           4%           36%         3
 Lee's Rapid Deconstruct  Erth           8%           67%         5


Dungeon Overview and Level Annotations

Branches:
Dungeon (4/15)             Temple (1/1) D:4

Altars:
Ashenzari
Cheibriados
Dithmenos
Elyvilon
Fedhas
Gozag
Hepliaklqana
Kikubaaqudgha
Makhleb
Nemelex Xobeh
Qazlal
Sif Muna
Uskayaw
Vehumet
Xom
Yredelemnul
The Shining One

Shops:
D:6 :


Message History

Casting: Sting (safe; 2% risk of failure)
Confirm with . or Enter, or press ? or * to list all spells.
Aiming: Sting (safe; 2% risk of failure)
Press: ? - help, Shift-Dir - straight line, f/p - white imp
Aim: a white imp (heavily wounded, very poisoned, 26% to evade)
The sting hits the white imp.
The white imp looks as sick as possible!
The white imp is severely wounded.
You kill the white imp!
The wight hits you but does no damage. The wight hits you with a +0 spear.
You closely miss the wight. The wight hits you with a +0 spear. x2
You are too injured to fight recklessly!
You are too injured to fight recklessly!
You are too injured to fight recklessly!
You completely miss the wight. The wight hits you with a +0 spear!
* * * LOW HITPOINT WARNING * * *
You closely miss the wight. The wight hits you with a +0 spear.
You die...
Your body crumbles into a pile of gold.

####....###≈≈≈≈≈...
............≈≈≈....
#######.##...##....
##(.....###........
##........##.###.... #
#..)..............#.
#..##..>.......#.######.
#.............#.# #.
###.z@.........# #.
#...........#######.
##...>......##).....
#...$#+++###.......
#.....# #........
#.....# #........
#.....# #......).
......# #........ $
#........


You could see a wight.

Vanquished Creatures
  Blork the orc (D:6)
  A quasit (D:3)
  A bullfrog skeleton (D:2)
  3 adders
  A white imp (D:6)
  An ooze (D:3)
  A dart slug (D:2)
  2 leopard geckos
  An orc (D:3)
  3 bats
  10 giant cockroaches
  5 goblins
  4 hobgoblins
  4 jackals (D:3)
  A ball python (D:2)
  5 frilled lizards
  7 kobolds
  4 rats
55 creatures vanquished.

Notes
Turn   | Place    | Note
-------+----------+-------------------------------------------
     0 | D:1      | Descartes the Deep Elf Wanderer began the quest for the
                  | Orb.
     0 | D:1      | Descartes set off with the following items: a +0 dagger, a
                  | +0 robe; and the following spells available to memorise:
                  | Sting, Sandblast, Passwall, Summon Small Mammal, Spider
                  | Form, Stone Arrow, Call Canine Familiar, Petrify, Lee's
                  | Rapid Deconstruction
     0 | D:1      | Reached XP level 1. HP: 10/10 MP: 7/7
     2 | D:1      | Learned a level 1 spell: Sting
     4 | D:1      | Learned a level 1 spell: Sandblast
   393 | D:1      | Reached XP level 2. HP: 15/15 MP: 7/9
  1652 | D:2      | Reached XP level 3. HP: 19/19 MP: 7/11
  1857 | D:2      | Reached skill level 1 in Shields
  1863 | D:2      | Reached XP level 4. HP: 16/24 MP: 0/12
  2579 | D:3      | Reached skill level 5 in Spellcasting
  2839 | D:3      | Learned a level 2 spell: Passwall
  2943 | D:3      | Reached XP level 5. HP: 28/28 MP: 12/14
  3489 | D:3      | Found a glowing golden altar of the Shining One.
  3555 | D:4      | Found a staircase to the Ecumenical Temple.
  3571 | Temple   | Entered the Ecumenical Temple
  3801 | Temple   | Became a worshipper of Gozag Ym Sagoz the Greedy
  3849 | D:4      | You fall into a shaft and drop 2 floors!
  3853 | D:6      | Noticed Blork the orc
  3865 | D:6      | Killed Blork the orc
  3930 | D:6      | Found Myarianehe's Book Boutique.
  3969 | D:6      | HP: 1/28 [wight/+0 spear (12)]
  3970 | D:6      | Slain by a wight

Illustrated notes

Levels and vault maps discovered:
D:1:      amcnicky_arrival_underground_garden, layout_basic
D:2:      layout_loops_ring, minmay_worlds_worst_comb
D:3:      layout_rooms, grunt_ministairs_8, tso_altar
D:4:      layout_loops_corners, kennysheep_mini, lemuel_crystal_altar,
          general_overflow_altar, minmay_temple_entry_sparse_star, serial_shops,
          shop
D:6:      layout_rooms, serial_shops, nicolae_shop_waterfront,
          kennysheep_cross_bottleneck, okawaru_gym_becter, uniq_blork_the_orc
Temple:   eino_temple_rhombus

Skill      XL: |  1  2  3  4  5 |
---------------+----------------+-----
Earth Magic    | 2 3 |  3.1
Poison Magic   | 3 |  3.6
Shields        | 1 |  1.8
Transmutations | 3 |  3.7
Spellcasting   | 5 |  5.0
Stealth        | |  1.2
Evocations     | |  1.1

Action                   |  1- 3 |  4- 6 || total
-------------------------+-------+-------++-------
Melee: Flail             |       |     3 ||     3
 Cast: Sting             |    42 |    72 ||   114
       Sandblast         |     7 |     4 ||    11
Armor: Robe              |    10 |    24 ||    34
Dodge: Dodged            |     7 |    35 ||    42
